 Dungeon Crawl Stone Soup version 0.20-b1-18-gaa2fd62 (webtiles) character file.

76 ihor1010 the Covered (level 4, 12/42 HPs)
             Began as a Deep Dwarf Fighter on May 24, 2017.
             Was a Follower of Nemelex Xobeh.
             Quit the game on level 2 of the Dungeon.
             The game lasted 00:06:34 (803 turns).

ihor1010 the Covered (Deep Dwarf Fighter)            Turns: 803, Time: 00:06:34

Health: 12/42      AC:  7    Str: 20    XL:     4   Next: 12%
Magic:  4/4        EV: 12    Int:  9    God:    Nemelex Xobeh [*.....]
Gold:   16         SH: 10    Dex: 17    Spells: 3/3 levels left

rFire    . . .     SeeInvis .   a - +0 long sword
rCold    . . .     Gourm    .   c - +0 shield
rNeg     . . .     Faith    .   b - +0 scale mail
rPois    .         Spirit   .   (no helmet)
rElec    .         Reflect  .   (no cloak)
rCorr    .         Harm     .   (no gloves)
MR       .....                  (no boots)
Stlth    +.........             (no amulet)
Regen    0.0/turn               g - ring of wizardry
MPRegen  0.1/turn               (no ring)

@: agile, non-regenerating
A: damage resistance, heal wounds, sense surroundings 1, no regeneration
a: Heal Wounds, Renounce Religion


You were on level 2 of the Dungeon.
You worshipped Nemelex Xobeh.
Nemelex Xobeh was aware of your devotion.
You were not hungry.

You visited 1 branch of the dungeon, and saw 2 of its levels.

You collected 16 gold pieces.

Inventory:

Hand Weapons
 a - a +0 long sword (weapon)
Missiles
 e - 17 stones (quivered)
Armour
 b - a +0 scale mail (worn)
 c - a +0 shield (worn)
 h - a +2 leather armour of fire resistance
Jewellery
 g - a ring of wizardry (left hand)
Scrolls
 j - a scroll of fog {unknown}
 k - a scroll of enchant weapon {unknown}
 m - a scroll of enchant armour {unknown}
Potions
 d - a potion of might
 i - 2 potions of curing
Comestibles
 f - a bread ration
 n - 2 chunks of flesh
 o - 2 fruits


   Skills:
 + Level 3.1 Fighting
 + Level 2.7 Long Blades
 * Level 4.2 Armour
 + Level 3.7 Shields


You had 3 spell levels left.
You didn't know any spells.

Dungeon Overview and Level Annotations

Branches:
Dungeon (2/15)

Altars:
Nemelex Xobeh


Innate Abilities, Weirdness & Mutations

You are resistant to damage.
You can heal yourself by infusing magical energy.
You passively map a small area around you.
You do not regenerate.


Message History

The rat closely misses you.
You closely miss the rat. The rat barely misses you.
You hit the rat but do no damage. The rat bites you but does no damage.
You block the rat's attack.
You slash the rat!
You kill the rat!
A kobold comes into view. It is wielding a short sword.
You float gracefully downwards.
The kobold shouts!
The kobold throws a stone.
The stone hits you but does no damage.
You see here a stone.
There is a faded altar of an unknown god here.
You cannot tell which god this altar belongs to.
Convert to them anyway?
Nemelex Xobeh accepts your prayer! Nemelex Xobeh welcomes you!
Nemelex Xobeh grants you a gift! Something appears at your feet!
Quiver which item? (- for none, * to show all) (? for menu, Esc to quit)
Okay, then.
Are you sure you want to abandon this character and quit the game? (Confirm with "yes".)

# #..#.####.#.##.#(..#####.#
#.#..#.# #.#.##.#...# #.#
.#.#..#.# #.#..#.#...#####.#
......#.####.##.#<#.........#
,,#.........##.##....##....#
, *
#..#.####..........####..#*
#..#......(..♣.....# #..#, *
#..######...♣.♣....# #..# ,
#..#.......♣.@.♣...# #..#
#..#.####...♣.♣..#.# ####
#..#.# #....♣...#.###
#..#.####............# * *
#..........#.##......#*
####.##.......#.........#
..........##..........###, *
####.###..##...##.#...# #.#.#
#..##...##.#...# ,


There were no monsters in sight!

Vanquished Creatures
  Natasha (D:2)
  An adder (D:2)
  An ooze (D:1)
  3 dart slugs (D:1)
  2 giant cockroaches (D:1)
  4 hobgoblins
  3 jackals (D:1)
  6 kobolds
  A quokka (D:2)
  2 bats (D:2)
  3 frilled lizards
  A goblin (D:1)
  7 rats
35 creatures vanquished.

Notes
Turn   | Place    | Note
-------+----------+-------------------------------------------
     0 | D:1      | ihor1010 the Deep Dwarf Fighter began the quest for the Orb.
     0 | D:1      | Reached XP level 1. HP: 20/20 MP: 1/1
    41 | D:1      | Reached XP level 2. HP: 20/27 MP: 2/2
   292 | D:1      | Reached skill level 4 in Armour
   345 | D:1      | Reached XP level 3. HP: 19/33 MP: 3/3
   676 | D:2      | Found a faded altar of an unknown god.
   748 | D:2      | Noticed Natasha
   755 | D:2      | Killed Natasha
   755 | D:2      | Reached XP level 4. HP: 7/42 MP: 4/4
   802 | D:2      | Became a worshipper of Nemelex Xobeh the Trickster
   802 | D:2      | Received a gift from Nemelex Xobeh
   802 | D:2      | Reached * piety under Nemelex Xobeh
   803 | D:2      | Quit the game

Skill      XL: |  1  2  3 |
---------------+----------+-----
Armour         | 4 |  4.2
Fighting       | 3 |  3.1
Long Blades    | |  2.7
Shields        | |  3.7

Action                   |  1- 3 |  4- 6 || total
-------------------------+-------+-------++-------
Melee: Long sword        |    94 |     6 ||   100
  Use: Potion            |       |     3 ||     3
Armor: Scale mail        |    42 |     6 ||    48
Dodge: Dodged            |    29 |     8 ||    37
Block: Shield            |    49 |     3 ||    52
       Rpst.: Long sword |     7 |     2 ||     9
